 Dungeon Sprint DCSS version 0.31-a0-716-gc7603755dd (webtiles) character file.

Game seed: 13262678410717031132

1993 browni3141 the Grappler (level 9, 0/93 HPs)
             Began as a Troll Fighter on Sept 10, 2023.
             Slain by a polar bear (1 damage)
             ... in the Dungeon (Sprint II: "The Violet Keep of Menkaure").
             The game lasted 00:04:38 (617 turns).

browni3141 the Grappler (Troll Fighter)              Turns: 617, Time: 00:04:39

Health: 0/93       AC:  4    Str: 23    XL:     9   Next: 1%
Magic:  8/8        EV: 12    Int:  4    God:
Gold:   230        SH: 11    Dex: 13    Spells: 8/8 levels left

rFire   + +          +
                       - Unarmed
rCold   . . .        b - +0 kite shield
rNeg    . . .        a - +0 robe
rPois   .            (helmet restricted)
rElec   +            (no cloak)
rCorr   +            (gloves unavailable)
SInv    .            (boots unavailable)
Will    .....        (no amulet)
Stlth   +            h - ring "Bohocylu" {rElec rF+++ rCorr Str-3}
HPRegen 1.15/turn    (no ring)
MPRegen 0.11/turn

%: no teleportation
@: mighty, slowed, very slow
A: large, unfitting armour, claws 3, regeneration 1, shaggy fur 1, tough skin 1
a: no special abilities


You were in the Dungeon.
You visited 1 branch You collected 1658 gold pieces.
You spent 1428 gold pieces at shops.

Inventory:

Armour
 a - a +0 robe (worn)
 b - a +0 kite shield (worn)
Jewellery
 h - the ring "Bohocylu" (left claw) {rElec rF+++ rCorr Str-3}
   (You bought it in a shop in the Dungeon)

   [ring of resist corrosion]

   Str-3:     It affects your strength (-3).
   rF+++:     It renders you almost immune to fire.
   rElec:     It insulates you from electricity.
   rCorr:     It protects you from acid and corrosion.
Scrolls
 e - a scroll of identify {unknown}
 i - a scroll of blinking
Potions
 f - a potion of haste
 g - 2 potions of magic


   Skills:
 + Level 7.2 Fighting
 + Level 8.0 Dodging
 + Level 0.2 Stealth
 + Level 8.9 Shields
 * Level 13.7 Unarmed Combat


You had 8 spell levels left.
You didn't know any spells.
Your spell library was empty.

Dungeon Overview and Level Annotations

Branches:
Dungeon (1/1)

Altars:
Cheibriados
Dithmenos
Elyvilon
Fedhas
Gozag
Hepliaklqana
Kikubaaqudgha
Makhleb
Nemelex Xobeh
Okawaru
Qazlal
Ru
Sif Muna
Trog
Uskayaw
Vehumet
Wu Jian
Xom
Yredelemnul
Zin
The Shining One
Jiyva
Lugonu

Shops:
D ?*:[:=:[[(?=!(!

Annotations:
D exclusion: oklob plant, Roxanne


Innate Abilities, Weirdness & Mutations

You are too large for most types of armour.
You have claws for hands.
Your natural rate of healing is unusually fast.
You are covered in fur. (AC +1)
You have tough skin. (AC +1)


Message History

Your base attributes are Str 25, Int 4, Dex 11.
Increase (S)trength, (I)ntelligence, or (D)exterity?
You feel agile. x2; You feel stronger.
Unknown command.
Unknown command.
You feel very mighty all of a sudden. The polar bear bites you!
* * * LOW HITPOINT WARNING * * *
The polar bear misses you. The polar bear claws you.
* * * LOW HITPOINT WARNING * * *
You closely miss the polar bear. You block the polar bear's attack.
The polar bear completely misses you. You block the polar bear's attack.
You mangle the polar bear!!
The polar bear is severely wounded.
The polar bear closely misses you. You block the polar bear's attack.
The polar bear claws you but does no damage.
The polar bear bites you!
* * * LOW HITPOINT WARNING * * *
You block the polar bear's attack.
The polar bear claws you but does no damage.
You scratch the polar bear but do no damage.
The polar bear is severely wounded.
The polar bear closely misses you. You block the polar bear's attack.
The polar bear claws you.
* * * LOW HITPOINT WARNING * * *
Unknown command.
You barely miss the polar bear.
The polar bear is severely wounded.
The polar bear bites you!
* * * LOW HITPOINT WARNING * * *
The polar bear claws you but does no damage.
The polar bear claws you.
* * * LOW HITPOINT WARNING * * *
You barely miss the polar bear.
The polar bear is severely wounded.
The polar bear barely misses you. You block the polar bear's attack.
The polar bear claws you.
* * * LOW HITPOINT WARNING * * *
The polar bear misses you. The polar bear claws you.
You die...

.....# '##..# #.
#.##.#### +.###
##.#....# ...# ##
#.####..## #..# $#
†###.##..# +..# .#
.##...#..# #..# .#
<.÷.##'..####..##h#
.##...#....###..@##▓▓▓
'###.##......~~~~~~~~~~~
).####~~.§..§~#+########
#..#~~~~~~~.§~#._._._..#
..##~~~~~§~~.~#.._._._.#
'##~~~§≈≈§~~~~#._._._._#
○~~~~~§§§≈≈~~~#_._._._.#
#°''#~§§§≈≈≈≈~#._._._..#
°°≈≈##§§§###§§#_._._.


You could see a polar bear.

Vanquished Creatures
  A merfolk siren (D)
  A hornet (D)
  2 polar bears (D)
  2 wyverns (D)
  A vampire mosquito (D)
  Menkaure (D)
  A water moccasin (D)
  4 necrophages (D)
  4 lava snakes (D)
  3 worms (D)
20 creatures vanquished.

Notes
Turn   | Place    | Note
-------+----------+-------------------------------------------
     0 | D        | browni3141 the Troll Fighter began the quest for the Orb.
     0 | D        | Reached XP level 1. HP: 22/22 MP: 0/0
     1 | D        | Noticed a wyvern
     1 | D        | Noticed a wyvern
    13 | D        | Noticed a necrophage
    13 | D        | Noticed a necrophage
    13 | D        | Noticed a necrophage
    13 | D        | Noticed a necrophage
    21 | D        | Killed a necrophage
    22 | D        | Reached skill level 3 in Unarmed Combat
    22 | D        | Reached XP level 2. HP: 29/32 MP: 1/1
    22 | D        | Reached XP level 3. HP: 35/39 MP: 2/2
    23 | D        | Reached XP level 4. HP: 44/48 MP: 3/3
    30 | D        | Killed a necrophage
    31 | D        | Reached skill level 5 in Dodging
    31 | D        | Reached skill level 5 in Shields
    31 | D        | Reached skill level 4 in Unarmed Combat
    41 | D        | Killed a necrophage
    42 | D        | Reached skill level 5 in Fighting
    42 | D        | Reached skill level 5 in Unarmed Combat
    42 | D        | Reached XP level 5. HP: 17/57 MP: 4/4
    49 | D        | Reached skill level 6 in Unarmed Combat
    74 | D        | Noticed a water moccasin
    85 | D        | Killed a water moccasin
    86 | D        | Reached skill level 7 in Unarmed Combat
    86 | D        | Reached XP level 6. HP: 44/67 MP: 5/5
   113 | D        | Noticed a merfolk siren
   120 | D        | Killed a merfolk siren
   121 | D        | Reached skill level 9 in Unarmed Combat
   121 | D        | Reached XP level 7. HP: 25/76 MP: 6/6
   219 | D        | Found Lasuacong's Distillery.
   219 | D        | Found Telif's Weapon Boutique.
   219 | D        | Found Minuppum's Magic Scroll Shop.
   219 | D        | Found Kecremi's Jewellery Shop.
   219 | D        | Found Elohips's Armour Boutique.
   219 | D        | Found Fayl's Antique Weapon Boutique.
   219 | D        | Found Tostytz's Antique Armour Shop.
   220 | D        | Found Nur Duag's Book Shop.
   221 | D        | Found Mum Hess's Distillery.
   221 | D        | Found Bomi's Jewellery Shop.
   221 | D        | Noticed Menkaure
   221 | D        | Noticed a hell hog
   221 | D        | Noticed a hell hog
   238 | D        | Killed Menkaure
   239 | D        | Reached skill level 10 in Unarmed Combat
   240 | D        | Found Ceko's Book Shop.
   240 | D        | Found Ohisuw's Antique Armour Boutique.
   240 | D        | Noticed an oklob plant
   241 | D        | Found Yxtem's General Store.
   241 | D        | Found Neuhe's Magic Scroll Boutique.
   241 | D        | Found Datsisoe's Book Shoppe.
   255 | D        | Noticed a great orb of eyes
   273 | D        | Noticed a vampire mosquito
   278 | D        | Killed a vampire mosquito
   291 | D        | Bought a scroll of acquirement for 676 gold pieces
   291 | D        | Acquired 686 gold pieces
   306 | D        | Killed a wyvern
   307 | D        | Reached skill level 11 in Unarmed Combat
   307 | D        | Reached XP level 8. HP: 76/84 MP: 7/7
   325 | D        | Noticed Roxanne
   336 | D        | Found a glowing silver altar of Zin.
   380 | D        | Bought the ring "Bohocylu" {rElec rF+++ rCorr Str-3} for
                  | 752 gold pieces
   403 | D        | Found a radiant altar of Vehumet.
   419 | D        | HP: 1/87 [lava snake/glob of lava (8)]
   507 | D        | Reached skill level 12 in Unarmed Combat
   578 | D        | Noticed a flying skull
   582 | D        | Found an iron altar of Okawaru.
   583 | D        | Found a basalt altar of Yredelemnul.
   583 | D        | Found a glowing golden altar of the Shining One.
   583 | D        | Found a hide-covered altar of Uskayaw.
   583 | D        | Found a sparkling altar of Nemelex Xobeh.
   584 | D        | Found a shimmering altar of Xom.
   584 | D        | Found a bloodstained altar of Trog.
   584 | D        | Found a burning altar of Makhleb.
   584 | D        | Found an opulent altar of Gozag.
   585 | D        | Found a shimmering blue altar of Sif Muna.
   585 | D        | Found an ornate altar of the Wu Jian Council.
   585 | D        | Found a corrupted altar of Lugonu.
   585 | D        | Found a blossoming altar of Fedhas.
   586 | D        | Found a sacrificial altar of Ru.
   586 | D        | Found an ancient bone altar of Kikubaaqudgha.
   586 | D        | Found a white marble altar of Elyvilon.
   586 | D        | Noticed a polar bear
   587 | D        | Found a stormy altar of Qazlal.
   587 | D        | Found a viscous altar of Jiyva.
   587 | D        | Found a shadowy altar of Dithmenos.
   589 | D        | Found a hazy altar of Hepliaklqana.
   589 | D        | Found a snail-covered altar of Cheibriados.
   591 | D        | Noticed a yaktaur
   591 | D        | Noticed a hornet
   591 | D        | Noticed a polar bear
   596 | D        | Killed a polar bear
   597 | D        | Noticed a polar bear
   601 | D        | Killed a polar bear
   602 | D        | Reached skill level 13 in Unarmed Combat
   611 | D        | Killed a hornet
   612 | D        | Reached XP level 9. HP: 29/93 MP: 8/8
   616 | D        | HP: 4/93 [polar bear (9)]
   617 | D        | HP: 1/93 [polar bear (2)]
   617 | D        | Slain by a polar bear

Illustrated notes

Levels and vault maps discovered:
D:        the_violet_keep_of_menkaure [sprint2_stairs_cluster_1,
          sprint2_shoproom, sprint2_temple, sprint2_basic_supplies,
          sprint2_obstacle_5, sprint2_obstacle_1, sprint2_obstacle_6,
          sprint2_obstacle_7, sprint2_obstacle_2, sprint2_timed_cluster_1,
          sprint2_smallroom_cluster_1, sprint2_smallroom_final_cluster_1,
          sprint2_transparent_cluster_1, sprint2_second_timed_cluster_1,
          sprint2_sniper_area_1, sprint2_heavy_combat_area_1,
          sprint2_mutation_trap_area_1, sprint2_forest_area_1,
          sprint2_light_combat_area_1, sprint2_behind_water_1,
          sprint2_near_end_vault_1]

Skill      XL: |  1  2  3  4  5  6  7  8 |
---------------+-------------------------+-----
Shields        | 4 5 6 7 8 |  8.9
Fighting       | 4 5 6 7 |  7.2
Dodging        | 4 5 6 7 8 |  8.0
Unarmed Combat | 3 5 7 9 11 13 | 13.7
Stealth        | |  0.2

Action                     |  1- 3 |  4- 6 |  7- 9 || total
---------------------------+-------+-------+-------++-------
  Melee: Unarmed           |    11 |    43 |    60 ||   114
    Use: Potion            |     2 |       |     2 ||     4
         Scroll            |       |       |     1 ||     1
 Armour: Robe              |     8 |    19 |    82 ||   109
  Dodge: Dodged            |     3 |    19 |    34 ||    56
  Block: Kite shield       |     2 |    15 |    37 ||    54

Table legend: (Time is in decaauts)
 A = Elapsed time spent in this place.
 B = Non-inter-level travel time spent in this place.
 C = Inter-level travel time spent in this place.
 D = Time resting spent in this place.
 E = Time spent auto-exploring this place.
 F = Levels seen in this place.
 G = Mean time per level.
                   A        B        C        D        E       F      G
               +--------+--------+--------+--------+--------+-----+--------+
         Total |    627 |    621 |      6 |    250 |    113 |   1 |  627.0 |
       Dungeon |    627 |    621 |      6 |    250 |    113 |   1 |  627.0 |
               +--------+--------+--------+--------+--------+-----+--------+

Top non-repeatable levels by time:
       D: 627 daAuts
